 Dungeon Crawl Stone Soup version 0.30-a0-377-g5cb311bc9f (webtiles) character file.

Game seed: 11927712464345500768

65 kiwi3s the Chopper (level 3, -3/31 HPs)
             Began as a Minotaur Berserker on Nov 29, 2022.
             Was a Believer of Trog.
             Killed by divine providence
             ... invoked by an orc priest
              (11 damage)
             ... on level 3 of the Dungeon.
             The game lasted 00:01:41 (2202 turns).

kiwi3s the Chopper (Minotaur Berserker)             Turns: 2202, Time: 00:01:41

Health: -3/31      AC:  3    Str: 23    XL:     3   Next: 92%
Magic:  2/2        EV: 12    Int:  4    God:    Trog [**....]
Gold:   126        SH:  0    Dex:  9    Spells: 2/2 levels left

rFire   . . .      SeeInvis .    a - +0 hand axe
rCold   . . .      Faith    .    (no shield)
rNeg    . . .      Spirit   .    b - +0 animal skin
rPois   .          Reflect  .    (helmet restricted)
rElec   .          Harm     .    (no cloak)
rCorr   .          Rampage  .    m - +0 pair of gloves
Will    .....                    (no boots)
Stlth   +.........               (no amulet)
HPRegen 0.25/turn                (no ring)
MPRegen 0.08/turn                (no ring)

@: no status effects
A: horns 2, retaliatory headbutt
a: Renounce Religion, Berserk, Trog's Hand


You were on level 3 of the Dungeon.
You worshipped Trog.
Trog was pleased with you.
You visited 1 branch of the dungeon, and saw 3 of its levels.

You collected 126 gold pieces.

Inventory:

Hand Weapons
 a - a +0 hand axe (weapon)
Armour
 b - a +0 animal skin (worn)
 m - a +0 pair of gloves (worn)
Jewellery
 f - an amulet of the acrobat
 j - a ring of willpower
Scrolls
 c - a scroll of immolation {unknown}
 d - 5 scrolls of identify {unknown}
 e - a scroll of fog {unknown}
 g - 2 scrolls of enchant weapon {unknown}
 i - a scroll of enchant armour {unknown}
 k - a scroll of teleportation {unknown}
Potions
 h - a potion of cancellation {unknown}
 l - a potion of might {unknown}


   Skills:
 - Level 3.6 Fighting
 + Level 5.9 Axes
 - Level 2.4 Armour
 - Level 2.1 Dodging


You had 2 spell levels left.
You didn't know any spells.
Your spell library was empty.

Dungeon Overview and Level Annotations

Branches:
Dungeon (3/15)

Altars:


Innate Abilities, Weirdness & Mutations

You have a pair of horns on your head.
You reflexively headbutt those who attack you in melee.


Message History

You see here a bat skeleton.
There is an open door here.
You see here a +0 club.
There is an open door here.
There is a stone staircase leading down here.
You climb downwards.
Found a bubbling emerald potion.
There is a stone staircase leading up here.
Key pressed, stopping explore.
No target in view!
Unknown command.
An orc priest comes into view. It is wielding a +0 club.
The orc priest shouts!
You hear a shout! x2
An orc comes into view. It is wielding a +0 flail.
An orc wizard comes into view.
It is wielding a +0 dagger. 2 orcs come into view.
The orc shouts! x2
You see here a bubbling emerald potion.
There are monsters nearby!
The orc shouts!
The orc priest mumbles some strange prayers to Beogh against you.
Pain shoots through your body! The orc wizard casts a spell at you.
You are confused.
You are too confused!
You are too confused!
The orc wizard casts a spell at you. You resist with significant effort.
The orc priest invokes the aid of Beogh against you.
Beogh smites you!
* * * LOW HITPOINT WARNING * * *
You see here a bubbling emerald potion.
You bump into the rock wall.
The orc priest looks braver for a moment.
You bump into the rock wall.
You bump into the rock wall.
You feel less confused.
The orc priest invokes the aid of Beogh against you.
Beogh smites you!
You die...

# .. # #.### #.
#######o.....
#.#.####...@.ooo....
#...<...#####o.....
#...###### ..### ##.
... # ###


You could see an orc priest, an orc wizard and 3 orcs.

Vanquished Creatures
  2 adders (D:2)
  2 worms (D:2)
  A ball python (D:2)
  5 endoplasms
  A giant cockroach (D:1)
  4 hobgoblins
  2 jackals (D:1)
  3 quokkas (D:2)
  4 bats
  4 frilled lizards
  4 goblins
  3 kobolds
  4 rats
39 creatures vanquished.

Notes
Turn   | Place    | Note
-------+----------+-------------------------------------------
     0 | D:1      | kiwi3s the Minotaur Berserker began the quest for the Orb.
     0 | D:1      | Reached XP level 1. HP: 19/19 MP: 0/0
   101 | D:1      | Reached skill level 4 in Axes
   326 | D:1      | Reached XP level 2. HP: 26/26 MP: 1/1
   878 | D:2      | Reached skill level 5 in Axes
   878 | D:2      | Reached XP level 3. HP: 13/31 MP: 2/2
  1648 | D:2      | Reached ** piety under Trog
  2202 | D:3      | Killed from afar by an orc priest

Illustrated notes

Levels and vault maps discovered:
D:1:      mainiacjoe_arrival_reflecting_pool, layout_loops_ring,
          roderic_lattice_a, grunt_decor_clamped,
          wander_ebering_terrifying_dragon_lair
D:2:      layout_basic
D:3:      layout_loops_ring, fiery_altar_vehumet, fedhas_altar_fruit_tree,
          mainiacjoe_overflow_boulevard,
          chequers_temple_overflow_statue_of_worship, serial_shops, shop,
          saegor_snake_ambush

Skill      XL: |  1  2 |
---------------+-------+-----
Axes           | 4 5 |  5.9
Fighting       | |  3.6
Armour         | |  2.4
Dodging        | |  2.1

Action                   || total
-------------------------++-------
Melee: Hand axe          ||    85
       Headbutt          ||     8
 Stab: Sleeping          ||     2
Armor: Animal skin       ||    15
Dodge: Dodged            ||    53

Table legend: (Time is in decaauts)
 A = Elapsed time spent in this place.
 B = Non-inter-level travel time spent in this place.
 C = Inter-level travel time spent in this place.
 D = Time resting spent in this place.
 E = Time spent auto-exploring this place.
 F = Levels seen in this place.
 G = Mean time per level.
                   A        B        C        D        E       F      G
               +--------+--------+--------+--------+--------+-----+--------+
         Total |   2206 |   2067 |    139 |    381 |   1456 |   3 |  735.3 |
       Dungeon |   2206 |   2067 |    139 |    381 |   1456 |   3 |  735.3 |
               +--------+--------+--------+--------+--------+-----+--------+

Top non-repeatable levels by time:
     D:2: 1332 daAuts
     D:1: 860 daAuts
     D:3: 13 daAuts
